TOP OF THE 1ST |
San Antonio Missions batting - Pitching for Harrisburg Senators : RHP Kalititi Haki
|
Pitching: RHP Kalititi Haki
|
|
Batting: LHB Tsutomu Miyahara
|
0-0: Called Strike 0-1: Foul Ball, location: 2F 0-2: Foul Ball, location: 2F 0-2: Ball 1-2: Ball 2-2: Foul Ball, location: 2F 2-2: Foul Ball, location: 2F 2-2: Ground out 4-3 (Groundball, 4S, EV 84.4 MPH)
|
Batting: LHB Ryan Flynn Jr.
|
0-0: DOUBLE (Flyball, 8RXD, EV 88.1 MPH)
|
Batting: LHB Conrad Taylor
|
0-0: Ball 1-0: DOUBLE (Line Drive, 9LM, EV 113.1 MPH) Ryan Flynn Jr. scores
|
Batting: LHB Javy Portela
|
0-0: Ball 1-0: DOUBLE (Flyball, 8RXD, EV 109.4 MPH) Conrad Taylor scores
|
Batting: RHB Ryan Flynn
|
0-0: Called Strike 0-1: Ball 1-1: Called Strike 1-2: Foul Ball, location: 2F 1-2: Ball 2-2: Foul Ball, location: 2F 2-2: Ball 3-2: Foul Ball, location: 2F 3-2: Foul Ball, location: 2F 3-2: Base on Balls
|
Batting: RHB Kyle Davis
|
0-0: Fly out, F8 (Line Drive, 8RD, EV 86.3 MPH) Runner from 2nd tags up, SAFE at 3rd with throw by CF
|
Batting: SHB Curtis Thompson
|
0-0: Ball 1-0: 3-RUN HOME RUN (Flyball, 9LD, EV 90.6 MPH), Distance : 335 ft
|
Batting: LHB Josh Slusarczyk
|
0-0: Fly out, F8 (Flyball, 8LD, EV 96.3 MPH)
|
Top of the 1st over - 5 runs, 4 hits, 0 errors, 0 left on base; San Antonio 5 - Harrisburg 0 |
BOTTOM OF THE 1ST |
Harrisburg Senators batting - Pitching for San Antonio Missions : LHP Leonor Bem
|
Pitching: LHP Leonor Bem
|
|
Batting: RHB John McNeill
|
0-0: Foul Ball, location: 2F 0-1: Ball 1-1: Foul Ball, location: 2F 1-2: Strikes out swinging
|
Batting: LHB Erik Beezley
|
0-0: Called Strike 0-1: Foul Ball, location: 2F 0-2: Ball 1-2: Foul Ball, location: 2F 1-2: Strikes out swinging
|
Batting: RHB Deshawn Boseman
|
0-0: Ball 1-0: Ball 2-0: Called Strike 2-1: Swinging Strike 2-2: Foul Ball, location: 2F 2-2: Strikes out looking
|
Bottom of the 1st over - 0 runs, 0 hits, 0 errors, 0 left on base; San Antonio 5 - Harrisburg 0 |
TOP OF THE 2ND |
San Antonio Missions batting - Pitching for Harrisburg Senators : RHP Kalititi Haki
|
Batting: SHB Ryohei Nakano
|
0-0: Ball 1-0: Ball 2-0: Foul Ball, location: 2F 2-1: Ball 3-1: Foul Ball, location: 2F 3-2: SINGLE (Groundball, 15S, EV 65.6 MPH) (infield hit)
|
Batting: LHB Tsutomu Miyahara
|
0-0: Ball 1-0: Ball 2-0: DOUBLE (Line Drive, 7LS, EV 95.6 MPH) Ryohei Nakano to third
|
Pitching: RHP Allen Downing
|
|
Batting: LHB Ryan Flynn Jr.
|
0-0: Foul Ball, location: 2F 0-1: Ball 1-1: Ball 2-1: Called Strike 2-2: Ball 3-2: Base on Balls
|
Batting: LHB Conrad Taylor
|
0-0: Foul Ball, location: 2F 0-1: Foul Ball, location: 2F 0-2: Fly out, F9 (Flyball, 9, EV 88.8 MPH) Runner from 3rd tags up, SCORES, throw by RF Tsutomu Miyahara to third
|
Batting: LHB Javy Portela
|
0-0: Ball 1-0: Ball Ryan Flynn Jr. steals 2nd, throwing error, E2 Tsutomu Miyahara scores Ryan Flynn Jr. to third 2-0: Swinging Strike 2-1: Foul Ball, location: 2F 2-2: Strikes out swinging
|
Batting: RHB Ryan Flynn
|
0-0: Called Strike 0-1: Ball 1-1: Reached on error, E5 (Groundball, 56S, EV 70.6 MPH) Ryan Flynn Jr. scores
|
Batting: RHB Kyle Davis
|
0-0: Called Strike 0-1: Ball 1-1: Ball 2-1: Ball 3-1: Base on Balls Ryan Flynn to second
|
Batting: SHB Curtis Thompson
|
0-0: Ball 1-0: Ball 2-0: Called Strike 2-1: SINGLE (Line Drive, 6MD, EV 105.0 MPH) Ryan Flynn to third Kyle Davis to second Runner from 3rd tries for Home, SAFE, throw by CF to home
|
Batting: LHB Josh Slusarczyk
|
0-0: Ball 1-0: Called Strike 1-1: Ball 2-1: Ball 3-1: Base on Balls Kyle Davis to third Curtis Thompson to second
|
Batting: SHB Ryohei Nakano
|
0-0: Ball 1-0: Called Strike 1-1: Foul Ball, location: 2F 1-2: Strikes out swinging
|
Top of the 2nd over - 4 runs, 3 hits, 2 errors, 3 left on base; San Antonio 9 - Harrisburg 0 |
BOTTOM OF THE 2ND |
Harrisburg Senators batting - Pitching for San Antonio Missions : LHP Leonor Bem
|
Batting: RHB Donovan Auclair
|
0-0: Called Strike 0-1: Ball 1-1: Ball 2-1: Ball 3-1: Fly out, F5 (Popup, 56S, EV 85.6 MPH)
|
Batting: RHB Jim Towle
|
0-0: Foul Ball, location: 2F 0-1: SINGLE (Groundball, 56, EV 98.8 MPH)
|
Batting: RHB Juan Taveras
|
0-0: Fly out, F3 (Line Drive, 3, EV 61.3 MPH) Lined into DP, U3 (Line Drive, 3, EV 68.1 MPH)
|
Bottom of the 2nd over - 0 runs, 1 hit, 0 errors, 0 left on base; San Antonio 9 - Harrisburg 0 |
TOP OF THE 3RD |
San Antonio Missions batting - Pitching for Harrisburg Senators : RHP Allen Downing
|
Batting: LHB Tsutomu Miyahara
|
0-0: Called Strike 0-1: Foul Ball, location: 2F 0-2: SINGLE (Flyball, 4D, EV 83.1 MPH)
|
Pitching: RHP Alpha Miller
|
|
Batting: LHB Ryan Flynn Jr.
|
0-0: DOUBLE (Flyball, 89D, EV 96.3 MPH) Tsutomu Miyahara to third Runner from 3rd tries for Home, SAFE, throw by RF to trailing runner, OUT at third! 9-3-5
|
Batting: LHB Conrad Taylor
|
0-0: Ball 1-0: Called Strike 1-1: Called Strike 1-2: Foul Ball, location: 2F 1-2: Foul Ball, location: 2F 1-2: Strikes out swinging
|
Batting: LHB Javy Portela
|
0-0: Swinging Strike 0-1: Called Strike 0-2: Strikes out looking
|
Top of the 3rd over - 1 run, 2 hits, 0 errors, 0 left on base; San Antonio 10 - Harrisburg 0 |
BOTTOM OF THE 3RD |
Harrisburg Senators batting - Pitching for San Antonio Missions : LHP Leonor Bem
|
Batting: RHB Brennan Cameron
|
0-0: Ball 1-0: Ground out 5-3 (Groundball, 5L, EV 90.0 MPH)
|
Batting: RHB Haykuhi Kagramanian
|
0-0: Ball 1-0: Ground out 4-3 (Groundball, 4, EV 88.1 MPH)
|
Batting: LHB Adam Jacobs
|
0-0: Called Strike 0-1: Ball 1-1: Swinging Strike 1-2: Ball 2-2: Ball 3-2: Foul Ball, location: 2F 3-2: Strikes out swinging
|
Bottom of the 3rd over - 0 runs, 0 hits, 0 errors, 0 left on base; San Antonio 10 - Harrisburg 0 |
TOP OF THE 4TH |
San Antonio Missions batting - Pitching for Harrisburg Senators : RHP Alpha Miller
|
Batting: RHB Ryan Flynn
|
0-0: Called Strike 0-1: Ball 1-1: Ball 2-1: Ball 3-1: Fly out, F7 (Flyball, 78XD, EV 108.1 MPH)
|
Batting: RHB Kyle Davis
|
0-0: Ball 1-0: Ground out 4-3 (Groundball, 4MS, EV 90.6 MPH)
|
Batting: SHB Curtis Thompson
|
0-0: Ball 1-0: Called Strike 1-1: Ball 2-1: Foul Ball, location: 2F 2-2: Strikes out looking
|
Top of the 4th over - 0 runs, 0 hits, 0 errors, 0 left on base; San Antonio 10 - Harrisburg 0 |
BOTTOM OF THE 4TH |
Harrisburg Senators batting - Pitching for San Antonio Missions : LHP Leonor Bem
|
Batting: RHB John McNeill
|
0-0: Called Strike 0-1: Ball 1-1: Ground out 1-3 (Groundball, 13, EV 69.4 MPH)
|
Batting: LHB Erik Beezley
|
0-0: Called Strike 0-1: Ball 1-1: Ball 2-1: Ball 3-1: Ground out 4-3 (Groundball, 4, EV 95.6 MPH)
|
Batting: RHB Deshawn Boseman
|
0-0: Called Strike 0-1: Called Strike 0-2: Foul Ball, location: 2F 0-2: Foul Ball, location: 2F 0-2: Foul Ball, location: 2F 0-2: Ball 1-2: Fly out, F8 (Flyball, 78XD, EV 85.0 MPH)
|
Bottom of the 4th over - 0 runs, 0 hits, 0 errors, 0 left on base; San Antonio 10 - Harrisburg 0 |
TOP OF THE 5TH |
San Antonio Missions batting - Pitching for Harrisburg Senators : RHP Alpha Miller
|
Batting: LHB Josh Slusarczyk
|
0-0: Called Strike 0-1: Foul Ball, location: 2F 0-2: Ball 1-2: Strikes out swinging
|
Batting: SHB Ryohei Nakano
|
0-0: Called Strike 0-1: SINGLE (Groundball, 56D, EV 106.3 MPH)
|
Batting: LHB Tsutomu Miyahara
|
0-0: Ball 1-0: Called Strike 1-1: Swinging Strike 1-2: Ball 2-2: Ball 3-2: Fielders Choice at 2nd, 1-6 (Groundball, 34S, EV 67.5 MPH)
|
Batting: LHB Ryan Flynn Jr.
|
0-0: Ball 1-0: Ball 2-0: Ball 3-0: Called Strike 3-1: Foul Ball, location: 2F 3-2: Ground out 4-3 (Groundball, 4, EV 105.0 MPH)
|
Top of the 5th over - 0 runs, 1 hit, 0 errors, 1 left on base; San Antonio 10 - Harrisburg 0 |
BOTTOM OF THE 5TH |
Harrisburg Senators batting - Pitching for San Antonio Missions : LHP Leonor Bem
|
Batting: RHB Donovan Auclair
|
0-0: Ball 1-0: Ball 2-0: Fly out, F8 (Line Drive, 8RD, EV 100.6 MPH)
|
Batting: RHB Jim Towle
|
0-0: Called Strike 0-1: Fly out, F8 (Flyball, 8LS, EV 83.1 MPH)
|
Batting: RHB Juan Taveras
|
0-0: Ball 1-0: Called Strike 1-1: Ground out 5-3 (Groundball, 56, EV 100.0 MPH)
|
Bottom of the 5th over - 0 runs, 0 hits, 0 errors, 0 left on base; San Antonio 10 - Harrisburg 0 |
TOP OF THE 6TH |
San Antonio Missions batting - Pitching for Harrisburg Senators : RHP Alpha Miller
|
Batting: LHB Conrad Taylor
|
0-0: Called Strike 0-1: Ball 1-1: Ball 2-1: Ball 3-1: Base on Balls
|
Pitching: LHP John Hattenhauer
|
|
Batting: LHB Javy Portela
|
0-0: Ball 1-0: Swinging Strike 1-1: Fielders Choice at 2nd, 4-6 (Groundball, 4, EV 100.0 MPH)
|
Batting: RHB Ryan Flynn
|
0-0: Ball 1-0: SINGLE (Groundball, 6MD, EV 103.8 MPH) Javy Portela to second
|
Batting: RHB Kyle Davis
|
0-0: Called Strike 0-1: Foul Ball, location: 2F 0-2: Ball 1-2: Ball 2-2: Foul Ball, location: 2F 2-2: Foul Ball, location: 2F 2-2: SINGLE (Line Drive, 78S, EV 105.0 MPH) Javy Portela to third Ryan Flynn to second Runner from 3rd tries for Home, SAFE, throw by CF to home
|
Batting: SHB Curtis Thompson
|
0-0: Called Strike 0-1: SINGLE (Line Drive, 8LM, EV 90.0 MPH) Ryan Flynn to third Kyle Davis to second
|
Batting: LHB Josh Slusarczyk
|
0-0: Called Strike 0-1: Foul Ball, location: 2F 0-2: Foul Ball, location: 2F 0-2: GRAND SLAM HOME RUN (Flyball, 78XD, EV 103.8 MPH), Distance : 412 ft
|
Pitching: LHP Rafael Silva
|
|
Batting: SHB Ryohei Nakano
|
0-0: Foul Ball, location: 2F 0-1: Foul Ball, location: 2F 0-2: Ground out U3 (Groundball, 3S, EV 90.6 MPH)
|
Batting: LHB Tsutomu Miyahara
|
0-0: Ball 1-0: Foul Ball, location: 2F 1-1: Fly out, F8 (Flyball, 89D, EV 92.5 MPH)
|
Top of the 6th over - 5 runs, 4 hits, 0 errors, 0 left on base; San Antonio 15 - Harrisburg 0 |
BOTTOM OF THE 6TH |
Harrisburg Senators batting - Pitching for San Antonio Missions : LHP Leonor Bem
|
Batting: RHB Brennan Cameron
|
0-0: Called Strike 0-1: Fly out, F8 (Line Drive, 8RM, EV 92.5 MPH)
|
Batting: RHB Haykuhi Kagramanian
|
0-0: Foul Ball, location: 2F 0-1: Ball 1-1: Ball 2-1: Ground out 1-3 (Groundball, 13, EV 74.4 MPH)
|
Batting: LHB Adam Jacobs
|
0-0: Ball 1-0: Called Strike 1-1: Fly out, F3 (Line Drive, 3, EV 74.4 MPH)
|
Bottom of the 6th over - 0 runs, 0 hits, 0 errors, 0 left on base; San Antonio 15 - Harrisburg 0 |
TOP OF THE 7TH |
San Antonio Missions batting - Pitching for Harrisburg Senators : LHP Rafael Silva
|
Batting: LHB Ryan Flynn Jr.
|
0-0: Foul Ball, location: 2F 0-1: Ball 1-1: Ball 2-1: Foul Ball, location: 2F 2-2: Ball 3-2: Strikes out swinging
|
Batting: LHB Conrad Taylor
|
0-0: Ball 1-0: SINGLE (Line Drive, 34D, EV 105.6 MPH)
|
Batting: LHB Javy Portela
|
0-0: Ball 1-0: Swinging Strike 1-1: Foul Ball, location: 2F 1-2: Ball 2-2: Strikes out looking
|
Batting: RHB Ryan Flynn
|
0-0: Ball 1-0: Foul Ball, location: 2F 1-1: Fly out, F8 (Flyball, 8RM, EV 86.3 MPH)
|
Top of the 7th over - 0 runs, 1 hit, 0 errors, 1 left on base; San Antonio 15 - Harrisburg 0 |
BOTTOM OF THE 7TH |
Harrisburg Senators batting - Pitching for San Antonio Missions : LHP Leonor Bem
|
Batting: RHB John McNeill
|
0-0: Ball 1-0: Foul Ball, location: 2F 1-1: SINGLE (Groundball, 6S, EV 67.5 MPH) (infield hit)
|
Batting: LHB Erik Beezley
|
0-0: Grounds into double play, 4-6-3 (Groundball, 4, EV 83.1 MPH)
|
Batting: RHB Deshawn Boseman
|
0-0: Called Strike 0-1: Ball 1-1: Swinging Strike 1-2: Strikes out swinging
|
Bottom of the 7th over - 0 runs, 1 hit, 0 errors, 0 left on base; San Antonio 15 - Harrisburg 0 |
TOP OF THE 8TH |
San Antonio Missions batting - Pitching for Harrisburg Senators : LHP Rafael Silva
|
Batting: RHB Kyle Davis
|
0-0: Called Strike 0-1: Foul Ball, location: 2F 0-2: Ground out 4-3 (Groundball, 4, EV 80.0 MPH)
|
Batting: SHB Curtis Thompson
|
0-0: Ball 1-0: Ball 2-0: Called Strike 2-1: Foul Ball, location: 2F 2-2: Ground out 4-3 (Groundball, 4, EV 86.3 MPH)
|
Batting: LHB Josh Slusarczyk
|
0-0: Swinging Strike 0-1: Called Strike 0-2: Strikes out looking
|
Top of the 8th over - 0 runs, 0 hits, 0 errors, 0 left on base; San Antonio 15 - Harrisburg 0 |
BOTTOM OF THE 8TH |
Harrisburg Senators batting - Pitching for San Antonio Missions : LHP Leonor Bem
|
Batting: RHB Donovan Auclair
|
0-0: Called Strike 0-1: Ground out 5-3 (Groundball, 56S, EV 91.3 MPH)
|
Batting: RHB Jim Towle
|
0-0: Called Strike 0-1: Called Strike 0-2: Strikes out looking
|
Batting: RHB Juan Taveras
|
0-0: Called Strike 0-1: Swinging Strike 0-2: Foul Ball, location: 2F 0-2: Ball 1-2: Ball 2-2: Strikes out swinging
|
Bottom of the 8th over - 0 runs, 0 hits, 0 errors, 0 left on base; San Antonio 15 - Harrisburg 0 |
TOP OF THE 9TH |
San Antonio Missions batting - Pitching for Harrisburg Senators : LHP Rafael Silva
|
Pitching: RHP Josh Mott
|
|
Batting: SHB Ryohei Nakano
|
0-0: Called Strike 0-1: Foul Ball, location: 2F 0-2: Ball 1-2: Ball 2-2: Foul Ball, location: 2F 2-2: Ground out 4-3 (Groundball, 34D, EV 103.1 MPH)
|
Batting: LHB Tsutomu Miyahara
|
0-0: Ball 1-0: Foul Ball, location: 2F 1-1: Ball 2-1: Swinging Strike 2-2: Strikes out swinging
|
Pinch Hitting: RHB Min-chin Yi
|
0-0: Swinging Strike 0-1: Swinging Strike 0-2: Strikes out swinging
|
Top of the 9th over - 0 runs, 0 hits, 0 errors, 0 left on base; San Antonio 15 - Harrisburg 0 |
BOTTOM OF THE 9TH |
Harrisburg Senators batting - Pitching for San Antonio Missions : LHP Leonor Bem
|
Now in CF: Min-chin Yi
|
|
Batting: RHB Brennan Cameron
|
0-0: SINGLE (Line Drive, 4M, EV 97.5 MPH)
|
Batting: RHB Haykuhi Kagramanian
|
0-0: Called Strike 0-1: Ball 1-1: Foul Ball, location: 2F 1-2: Ball 2-2: Foul Ball, location: 2F 2-2: Grounds into double play, 4-6-3 (Groundball, 4, EV 79.4 MPH)
|
Batting: LHB Adam Jacobs
|
0-0: Foul Ball, location: 2F 0-1: Ball 1-1: Swinging Strike 1-2: Ball 2-2: Strikes out looking
|
Bottom of the 9th over - 0 runs, 1 hit, 0 errors, 0 left on base; San Antonio 15 - Harrisburg 0 |
|